 Dungeon Crawl Stone Soup version 0.29-a0-231-g945431f764 (webtiles) character file.

Game seed: 6432080416288823743

2214 Aksej the Skirmisher (level 9, -1/72 HPs)
             Began as a Demonspawn Monk on Mar 1, 2022.
             Was a Believer of Wu Jian.
             Slain by an orc warrior
             ... wielding a +0 halberd
              (17 damage)
             ... in a bailey.
             The game lasted 00:24:16 (6904 turns).

Aksej the Skirmisher (Demonspawn Monk)              Turns: 6904, Time: 00:24:16

Health: -1/72      AC: 18    Str: 16 (17) XL:     9   Next: 13%
Magic:  18/18      EV: 12    Int: 13      God:    Wu Jian [**....]
Gold:   526        SH:  0    Dex: 27      Spells: 8/8 levels left

rFire   + . .      SeeInvis .   a - +0 battleaxe of Lumut {flame, *Slow rC+++ Dex+4 Stlth+}
rCold   + + +      Faith    .   (shield currently unavailable)
rNeg    . . .      Spirit   .   i - +4 scale mail "Gikh" {MP+9 Str+4}
rPois   .          Reflect  .   (no helmet)
rElec   .          Harm     .   (no cloak)
rCorr   .          Rampage  .   j - +2 pair of gloves
Will    +....                   m - +0 pair of boots
Stlth   +++.......              (no amulet)
HPRegen 1.22/turn               e - +6 ring of dexterity
MPRegen 0.16/turn               c - ring of protection from fire

@: unable to read
A: thin metallic scales 2, powered by death 1, demonic touch 1, deterioration 1,
strong-willed 1, inability to read while threatened
a: Renounce Religion, Wall Jump


You were in a bailey.
You worshipped Wu Jian.
Wu Jian was pleased with you.
You visited 2 branches of the dungeon, and saw 8 of its levels.
You also visited: Bailey.

You collected 682 gold pieces.
You spent 156 gold pieces at shops.

Inventory:

Hand Weapons
 a - the +0 battleaxe of Lumut (weapon) {flame, *Slow rC+++ Dex+4 Stlth+}
   (You took it off an orc priest on level 6 of the Dungeon)

   It burns those it strikes, dealing additional fire damage.
   Big, fiery blades are also staple armaments of hydra-hunters.
   Dex:       It affects your dexterity (+4).
   rC:        It renders you almost immune to cold.
   *Slow:     It may slow you when you take damage.
   Stlth:     It makes you more stealthy.
 b - a +2 flail of flaming
Missiles
 s - 3 javelins (quivered)
Armour
 i - the +4 scale mail "Gikh" (worn) {MP+9 Str+4}
   (You found it on level 3 of the Dungeon)

   Str:       It affects your strength (+4).
   MP:        It affects your magic capacity (+9).
 j - a +2 pair of gloves (worn)
 m - a +0 pair of boots (worn)
Jewellery
 c - a ring of protection from fire (right hand)
 e - a +6 ring of dexterity (left hand)
 l - a ring of protection from fire
 t - a ring of poison resistance
Wands
 h - a wand of digging (7)
 n - a wand of iceblast (13)
Scrolls
 f - 2 scrolls of teleportation
 p - 2 scrolls of magic mapping
 r - a scroll of blinking
Potions
 d - a potion of degeneration {unknown}
 g - 2 potions of haste
 k - a potion of attraction
 o - 3 potions of curing
 q - a potion of ambrosia {unknown}
 u - a potion of berserk rage {unknown}


   Skills:
 * Level 7.0 Fighting
 + Level 3.5 Short Blades
 + Level 1.7(4.1) Axes
 + Level 5.8(6.0) Maces & Flails
 + Level 2.4 Throwing
 + Level 3.4 Armour
 + Level 4.3 Dodging
 + Level 3.7 Stealth


You had 8 spell levels left.
You didn't know any spells.
Your spell library contained the following spells:

 Spells                   Type           Power      Damage    Failure   Level
 Ensorcelled Hibernation  Hex/Ice        0%         N/A       85%         2
 Passwall                 Tmut/Erth      0%         N/A       85%         2
 Dazzling Flash           Conj/Hex       0%         N/A       97%         3
 Swiftness                Air            0%         N/A       97%         3
 Fireball                 Conj/Fire      0%         3d3       100%        5
 Malign Gateway           Summ/Tloc      0%         N/A       100%        7


Dungeon Overview and Level Annotations

Branches:
Dungeon (7/15)             Temple (1/1) D:7          Bailey (1/1)

Altars:
Ashenzari
Dithmenos
Kikubaaqudgha
Makhleb
Qazlal
Trog
Wu Jian
The Shining One

Shops:
D:5 ?(=:(


Innate Abilities, Weirdness & Mutations

You are mostly covered in thin metallic scales. (AC +3)
You regenerate a little health from kills.
Your touch may inflict minor irresistible damage on your foes.
Your body sometimes deteriorates upon taking damage.
You are strong-willed. (Will+)
You sometimes lose the ability to read scrolls when taking damage.


Message History

You lunge at the orc warrior, but your attack speed is too slow for a blow to land.
You spin and attack the orc warrior.
You hit the orc warrior. You burn the orc warrior.
The orc warrior is severely wounded.
You spin and attack the orc warrior.
You slash the orc warrior! You burn the orc warrior.
The orc warrior is almost dead.
You spin and attack the orc.
You hit the orc. You burn the orc.
You kill the orc!
The Council accepts your kill. The orc barely misses you.
The orc closely misses you.
The orc warrior hits you with a +0 glaive!
You feel threatened and lose the ability to read scrolls!
The orc warrior hits you from afar with a +0 halberd!
Your body deteriorates!
You feel weakened.
The orc warrior hits you but does no damage.
The orc warrior barely misses you.
You lunge at the orc warrior.
You hit the orc warrior but do no damage.
You slash the orc warrior! You burn the orc warrior.
You kill the orc warrior!
The Council accepts your kill.
You barely miss the orc.
You hit the orc warrior but do no damage.
You spin to attack the orc warrior, but your attack speed is too slow for a blow to land.
You spin and attack the orc.
You hit the orc. You burn the orc.
The orc is moderately wounded.
The orc hits you but does no damage. x2
The orc warrior hits you with a +0 halberd!
* * * LOW HITPOINT WARNING * * *
The orc warrior misses you. The orc warrior barely misses you.
Your Fighting skill increases to level 7!
You spin and attack the orc warrior.
You closely miss the orc warrior.
The orc warrior is severely wounded.
You spin and attack the orc warrior.
You hit the orc warrior. You burn the orc warrior.
The orc warrior is lightly wounded.
The orc warrior barely misses you.
The orc warrior hits you with a +0 halberd!
You die...

#.!!!.#
#.!!!.
#.!!!.
#.....
##'''##
##.....##
#....)o.#
#....ooo#
#..#.#o@#
#..#8#..#
#.......#
##.....##
###'###
#...#
#...#
#...#
#...#


You could see 2 orc warriors and 3 orcs.

Vanquished Creatures
  Menkaure (D:5)
  A water moccasin (D:7)
  Duvessa (D:5)
  2 black bears
  3 ice beasts
  An orc warrior (Bailey)
  2 ogres (D:4)
  2 phantoms
  2 necrophages
  Blork the orc (D:6)
  Dowan (D:5)
  4 hounds
  A gnoll shaman (D:4)
  4 orc priests
  A jelly (D:5)
  3 iguanas
  3 orc wizards
  8 gnolls
  13 adders
  A shadow imp (D:3)
  A white imp (D:5)
  An ufetubus (D:6)
  6 worms
  A dart slug (D:5)
  20 orcs
  9 endoplasms
  4 giant cockroaches
  6 goblins
  10 hobgoblins
  16 jackals
  3 quokkas
  3 ball pythons
  5 bats
  2 frilled lizards
  5 kobolds
  5 rats
152 creatures vanquished.

Vanquished Creatures (others)
  3 plants (D:1)
3 creatures vanquished.

Grand Total: 155 creatures vanquished

Notes
Turn   | Place    | Note
-------+----------+-------------------------------------------
     0 | D:1      | Aksej the Demonspawn Monk began the quest for the Orb.
     0 | D:1      | Reached XP level 1. HP: 18/18 MP: 1/1
    64 | D:1      | Gained mutation: You are partially covered in thin metallic
                  | scales. (AC +2) [demonic ancestry]
    64 | D:1      | Reached XP level 2. HP: 17/24 MP: 2/2
   150 | D:1      | Got the Incunabulum of Excruciating Translocation
   707 | D:1      | Reached XP level 3. HP: 23/29 MP: 3/3
  1596 | D:2      | Noticed a phantom
  1974 | D:2      | Gained mutation: Your touch may inflict minor irresistible
                  | damage on your foes. [demonic ancestry]
  1974 | D:2      | Reached XP level 4. HP: 7/37 MP: 4/4
  2628 | D:3      | Reached skill level 4 in Fighting
  2706 | D:3      | Found a faded altar of an unknown god.
  2765 | D:3      | Identified the +3 ring mail "Lecukkutz" {-Tele Dex+6}
  2890 | D:3      | Identified the +4 scale mail "Gikh" {MP+9 Str+4}
  3277 | D:2      | Gained mutation: You regenerate a little health from kills.
                  | [demonic ancestry]
  3277 | D:2      | Reached XP level 5. HP: 42/42 MP: 5/5
  3436 | D:2      | Gained mutation: You have hidden genetic defects. [potion
                  | of mutation]
  3436 | D:2      | Gained mutation: You are agile. (Dex +2) [potion of
                  | mutation]
  3437 | D:2      | Lost mutation: You have hidden genetic defects. [potion of
                  | mutation]
  3437 | D:2      | Lost mutation: You are agile. (Dex +2) [potion of mutation]
  3437 | D:2      | Gained mutation: You sometimes lose the ability to read
                  | scrolls when taking damage. [potion of mutation]
  3437 | D:2      | Gained mutation: Your body sometimes deteriorates upon
                  | taking damage. [potion of mutation]
  3437 | D:2      | Gained mutation: You are strong-willed. (Will+) [potion of
                  | mutation]
  3466 | D:2      | Killed a phantom
  3559 | D:3      | Noticed a black bear
  3568 | D:3      | Killed a black bear
  3569 | D:3      | Reached XP level 6. HP: 41/49 MP: 6/6
  3857 | D:4      | Reached skill level 5 in Fighting
  3977 | D:4      | Reached skill level 1 in Armour
  4051 | D:4      | Gained mutation: You are mostly covered in thin metallic
                  | scales. (AC +3) [demonic ancestry]
  4051 | D:4      | Reached XP level 7. HP: 54/56 MP: 7/7
  4130 | D:4      | Reached skill level 5 in Maces & Flails
  4466 | D:4      | Identified the +5 short sword "Guepn" {flame, Fragile rElec
                  | rN+++ Int+4}
  4517 | D:5      | Entered Level 5 of the Dungeon
  4694 | D:5      | Found Qamudege's Magic Scroll Shoppe.
  4702 | D:5      | Bought a scroll of blinking for 90 gold pieces
  4702 | D:5      | Bought a scroll of identify for 24 gold pieces
  4702 | D:5      | Bought a scroll of magic mapping for 42 gold pieces
  4718 | D:5      | Noticed Menkaure
  4723 | D:5      | Reached skill level 1 in Throwing
  4726 | D:5      | Killed Menkaure
  4800 | D:5      | Found Epnargh's Jewellery Boutique.
  4806 | D:5      | Found Hibb's Antique Weapon Emporium.
  4936 | D:5      | Reached XP level 8. HP: 64/64 MP: 8/8
  4970 | D:5      | Found Quishr Ohan's Book Shop.
  5050 | D:5      | Reached skill level 6 in Fighting
  5135 | D:5      | Noticed Duvessa
  5137 | D:5      | Noticed Dowan
  5147 | D:5      | Killed Duvessa
  5148 | D:5      | Reached skill level 1 in Short Blades
  5488 | D:5      | Found Fyodel's Weapon Boutique.
  5588 | D:5      | Killed Dowan
  5905 | D:6      | Noticed Blork the orc
  5928 | D:6      | Killed Blork the orc
  6109 | D:6      | Identified the +0 battleaxe of Lumut {flame, *Slow rC+++
                  | Dex+4 Stlth+}
  6530 | D:7      | Found a staircase to the Ecumenical Temple.
  6539 | Temple   | Entered the Ecumenical Temple
  6717 | Temple   | Became a worshipper of the Wu Jian Council
  6717 | Temple   | Reached * piety under Wu Jian
  6717 | Temple   | Reached ** piety under Wu Jian
  6761 | D:7      | Reached XP level 9. HP: 50/71 MP: 9/9
  6788 | D:7      | Reached skill level 1 in Axes
  6794 | D:7      | Found a flagged portal.
  6813 | Bailey   | Entered a bailey
  6904 | Bailey   | Reached skill level 7 in Fighting
  6904 | Bailey   | Slain by an orc warrior

Illustrated notes

Levels and vault maps discovered:
D:1:      matt_arrival_los_fun, layout_basic, serial_forest,
          infiniplex_forest_end_2, infiniplex_forest_straight_2,
          infiniplex_forest_split, infiniplex_forest_lined_1,
          infiniplex_forest_clump_large, infiniplex_forest_straight_4,
          infiniplex_forest_clump_small, infiniplex_forest_lined_3,
          infiniplex_forest_straight_2
D:2:      layout_basic
D:3:      layout_loops_ring, dreamdust_ecumenical_altar_angels_and_demons
D:4:      minmay_polygon_palace, layout_basic, serial_corexii_hall,
          corexii_hall_statues_i, chequers_hall_statues_y
D:5:      layout_loops_cross, serial_shops, shop, shop, kennysheep_mini, shop,
          shop, uniq_duvessa, uniq_menkaure
D:6:      layout_gridville, grunt_ministairs_1, uniq_blork_the_orc
D:7:      layout_loops_ring, grunt_temple_overflow_open,
          minmay_temple_entry_offerings, gammafunk_ghost_berserking_beasts,
          enter_bailey_5, minmay_guarded_unrand_staff_of_olgreb
Temple:   mainiacjoe_temple_big_plus
Bailey:   bailey_polearm_5, bailey

Skill      XL: |  1  2  3  4  5  6  7  8  9 |
---------------+----------------------------+-----
Maces & Flails | 3 4 5 |  5.8
Dodging        | 3 4 |  4.3
Stealth        | 2 3 |  3.7
Fighting       | 4 5 6 7 |  7.0
Armour         | 1 3 |  3.4
Throwing       | 1 2 |  2.4
Short Blades   | 3 |  3.5
Axes           | 1 |  1.7

Action                   |  1- 3 |  4- 6 |  7- 9 || total
-------------------------+-------+-------+-------++-------
Melee: Mace              |   128 |    34 |       ||   162
       Punch             |     3 |     2 |       ||     5
       Flail             |       |   108 |    16 ||   124
       Touch             |       |    28 |    23 ||    51
       Short sword       |       |       |   107 ||   107
       Battleaxe         |       |       |    60 ||    60
Throw: Javelin           |       |     3 |    28 ||    31
Invok: Lunge             |       |       |     8 ||     8
       Whirlwind         |       |       |    22 ||    22
Evoke: Wand              |       |     1 |       ||     1
  Use: Scroll            |     3 |     5 |     5 ||    13
       Potion            |     2 |     2 |     1 ||     5
 Stab: Sleeping          |     6 |     6 |     3 ||    15
Armor: Robe              |    26 |    13 |       ||    39
       Scale mail        |       |    42 |   106 ||   148
Dodge: Dodged            |    84 |    76 |   111 ||   271

Table legend: (Time is in decaauts)
 A = Elapsed time spent in this place.
 B = Non-inter-level travel time spent in this place.
 C = Inter-level travel time spent in this place.
 D = Time resting spent in this place.
 E = Time spent auto-exploring this place.
 F = Levels seen in this place.
 G = Mean time per level.
                   A        B        C        D        E       F      G
               +--------+--------+--------+--------+--------+-----+--------+
         Total |   7001 |   6751 |    250 |      0 |   5483 |   9 |  777.9 |
       Dungeon |   6709 |   6480 |    229 |      0 |   5249 |   7 |  958.4 |
        Temple |    200 |    179 |     21 |      0 |    174 |   1 |  200.0 |
        Bailey |     90 |     90 |      0 |      0 |     60 |   1 |   90.0 |
               +--------+--------+--------+--------+--------+-----+--------+

Top non-repeatable levels by time:
     D:2: 1448 daAuts
     D:1: 1383 daAuts
     D:4: 1082 daAuts
     D:3: 963 daAuts
     D:5: 903 daAuts
     D:6: 808 daAuts
  Temple: 200 daAuts
     D:7: 119 daAuts
  Bailey: 90 daAuts
